 Dungeon Crawl Stone Soup version 0.31-a0-536-ga3e2962e35 (webtiles) character file.

Game seed: 11106584571096514111

118 AIAndy the Fighter (level 5, -3/54 HPs)
             Began as a Gnoll Wanderer on Aug 13, 2023.
             Slain by a kobold brigand
             ... wielding a +2 dagger of speed
              (7 damage)
             ... on level 3 of the Dungeon.
             The game lasted 00:09:36 (2425 turns).

AIAndy the Fighter (Gnoll Wanderer)                 Turns: 2425, Time: 00:09:36

Health: -3/54      AC:  9    Str: 11    XL:     5   Next: 2%
Magic:  7/7        EV:  8    Int: 14    God:
Gold:   212        SH:  5    Dex: 17    Spells: 6/6 levels left

rFire   . . .        j - +0 dagger (pain)
rCold   . . .        s - +0 buckler
rNeg    . . .        d - +2 scale mail
rPois   .            (helmet currently unavailable)
rElec   .            (cloak currently unavailable)
rCorr   .            (gloves currently unavailable)
SInv    .            (boots currently unavailable)
Will    .....        (no amulet)
Stlth   +            I - +6 ring of intelligence
HPRegen 0.29/turn    (no ring)
MPRegen 0.10/turn

%: no passive effects
@: beast-form
A: beast (slay +0), fangs 1, strong nose, distributed training
a: Begin Untransformation


You were on level 3 of the Dungeon.
You were a hulking beast.
You visited 1 branch of the dungeon, and saw 3 of its levels.

You collected 212 gold pieces.


Innate Abilities, Weirdness & Mutations

You are a hulking beast.
Your limbs bulge with bestial killing power. (Slay +0)
You have very sharp teeth.
Your uncanny sense of smell can sniff out nearby items.
Your experience applies equally to all skills.


   Skills:
 + Level 10.5 Fighting
 + Level 1.3 Short Blades
 + Level 1.3 Long Blades
 + Level 1.3 Axes
 + Level 1.3 Maces & Flails
 + Level 1.3 Polearms
 + Level 1.3 Staves
 + Level 1.3 Ranged Weapons
 + Level 1.3 Throwing
 + Level 6.6 Armour
 + Level 1.3 Dodging
 + Level 4.3 Stealth
 + Level 1.3 Shields
 + Level 1.3 Unarmed Combat
 + Level 1.3 Spellcasting
 + Level 1.1 Conjurations
 + Level 1.1 Hexes
 + Level 1.1 Summonings
 + Level 1.1 Necromancy
 + Level 1.1 Translocations
 + Level 1.1 Transmutations
 + Level 1.1 Fire Magic
 + Level 1.1 Ice Magic
 + Level 1.1 Air Magic
 + Level 1.1 Earth Magic
 + Level 1.1 Poison Magic
 + Level 1.5 Invocations
 + Level 1.3 Evocations
 + Level 1.1 Shapeshifting


You had 6 spell levels left.
You didn't know any spells.
Your spell library contained the following spells:

 Spells                   Type           Power      Damage    Failure   Level
 Call Canine Familiar     Summ           4%         N/A       98%         3
 Portal Projectile        Hex/Tloc       8%         N/A       98%         3
 Stone Arrow              Conj/Erth      8%         3d7       98%         3
 Animate Armour           Summ/Erth      8%         N/A       100%        4
 Leda's Liquefaction      Hex/Erth       2%         N/A       100%        4
 Lehudib's Crystal Spear  Conj/Erth      2%         10d2      100%        8

Inventory:

Hand Weapons
 j - a +0 dagger of pain (weapon)
Missiles
 g - 2 poisoned darts
 l - 2 boomerangs
Armour
 d - a +2 scale mail (worn)
 f - a +0 pair of boots
 h - a +0 helmet
 s - a +0 buckler (worn)
Jewellery
 I - a +6 ring of intelligence (left hand)
Talismans
 e - a beast talisman (active)
Wands
 a - a wand of flame (16)
Scrolls
 i - a scroll of amnesia {unknown}
 k - 2 scrolls of fog {unknown}
 m - 2 scrolls of teleportation {unknown}
 n - 4 scrolls of enchant armour {unknown}
 q - a scroll of revelation {unknown}
 r - 2 scrolls of identify {unknown}
 t - a scroll of fear {unknown}
Potions
 b - 2 potions of curing {@q1}
 c - 2 potions of attraction {!q}
 o - a potion of enlightenment {unknown}
 p - 2 potions of degeneration {unknown}
 u - a potion of haste {unknown}

Dungeon Overview and Level Annotations

Branches:
Dungeon (3/15)

Altars:

Annotations:
D:3 2 runed translucent doors

#.# #..#≈≈~~###.# ##.# #.#
#..##≈~~....# #.# #.#
##..#~~~##### #.# #[# #..#~~.#
#.# #.# #..#~#.# #.# #.# #..#~#.#
#.# ##.## # #..###.###########.#
....# #~ #)K#..............#
##..# #~~#.h##...###........
###.### ##~~##..#...###>#######
#.....# #~~~≈#..#.....#.#######
#.....#####~~≈≈#..#...#..........
...........~~~≈#..#.....#.#######
#...........~~##..#...###.#
#......#.###~~#))###### #.#
######...# ## #))# #.# ##### #..#
#.#


You could see a kobold brigand.


Message History

You barely miss the kobold brigand.
The kobold brigand is lightly wounded.
The kobold brigand hits you but does no damage.
The kobold brigand hits you with a +2 dagger of speed.
* * * LOW HITPOINT WARNING * * *
The kobold brigand hits you with a +2 dagger of speed.
* * * LOW HITPOINT WARNING * * *
You hit the kobold brigand but do no damage.
The kobold brigand is lightly wounded.
The kobold brigand hits you with a +2 dagger of speed.
* * * LOW HITPOINT WARNING * * *
The kobold brigand barely misses you.
Aiming: Throw Flame
Press: ? - help, Shift-Dir - straight line, f/p - kobold brigand
Aim: a kobold brigand, wielding a +2 dagger of speed and quivering curare-tipped darts (lightly wounded, 60% to hit)
The puff of flame hits the kobold brigand!
The kobold brigand is heavily wounded.
You feel yourself speed up.
The kobold brigand hits you with a +2 dagger of speed.
* * * LOW HITPOINT WARNING * * *
The kobold brigand hits you but does no damage.
Aiming: Throw Flame
Press: ? - help, Shift-Dir - straight line, f/p - kobold brigand
Aim: a kobold brigand, wielding a +2 dagger of speed and quivering curare-tipped darts (heavily wounded, 60% to hit)
The puff of flame hits the kobold brigand.
The kobold brigand is severely wounded.
The kobold brigand hits you with a +2 dagger of speed.
* * * LOW HITPOINT WARNING * * *
The kobold brigand hits you with a +2 dagger of speed!
You die...

Skill      XL: |  1  2  3  4 |
---------------+-------------+-----
Fighting       | | 10.5
Invocations    | 1 |  1.5
Short Blades   | 1 |  1.3
Long Blades    | 1 |  1.3
Axes           | 1 |  1.3
Maces & Flails | 1 |  1.3
Polearms       | 1 |  1.3
Staves         | 1 |  1.3
Ranged Weapons | 1 |  1.3
Throwing       | 1 |  1.3
Dodging        | 1 |  1.3
Shields        | 1 |  1.3
Unarmed Combat | 1 |  1.3
Spellcasting   | 1 |  1.3
Evocations     | 1 |  1.3
Conjurations   | 1 |  1.1
Hexes          | 1 |  1.1
Summonings     | 1 |  1.1
Necromancy     | 1 |  1.1
Translocations | 1 |  1.1
Transmutations | 1 |  1.1
Fire Magic     | 1 |  1.1
Ice Magic      | 1 |  1.1
Air Magic      | 1 |  1.1
Earth Magic    | 1 |  1.1
Poison Magic   | 1 |  1.1
Shapeshifting  | 1 |  1.1
Armour         | |  6.6
Stealth        | |  4.3

Action                     |  1- 3 |  4- 6 || total
---------------------------+-------+-------++-------
  Melee: Dagger            |   130 |    86 ||   216
         Bite              |    29 |     6 ||    35
         Unarmed           |   174 |       ||   174
         Punch             |     3 |       ||     3
  Evoke: Wand              |       |     3 ||     3
   Stab: Sleeping          |     4 |       ||     4
 Armour: Scale mail        |   216 |    48 ||   264
  Dodge: Dodged            |   182 |    35 ||   217
  Block: Buckler           |     3 |    19 ||    22
   Form: Beast             |     1 |       ||     1

Levels and vault maps discovered:
D:1:      psy_arrival_basics, layout_basic, hangedman_abyss_or_decor_stabs,
          corner_web_ring, roderic_lattice_a
D:2:      layout_rooms, grunt_ministairs_15, kennysheep_decorative_pillar,
          uniq_jessica
D:3:      cheibrodos_thug_alley, layout_loops_ring, ebering_ghost_disaster_area

Notes
Turn   | Place    | Note
-------+----------+-------------------------------------------
     0 | D:1      | Reached skill level 10 in Fighting
     0 | D:1      | AIAndy the Gnoll Wanderer began the quest for the Orb.
     0 | D:1      | AIAndy set off with the following items: a +0 dagger, 2
                  | potions of curing {@q1}, a potion of attraction {!q}, a +2
                  | scale mail.
     0 | D:1      | Reached XP level 1. HP: 29/29 MP: 1/1
   194 | D:1      | Reached XP level 2. HP: 36/36 MP: 2/2
   669 | D:1      | Reached XP level 3. HP: 26/42 MP: 3/3
  1069 | D:1      | Reached skill level 1 in Invocations
  1238 | D:2      | Reached skill level 1 in Short Blades
  1238 | D:2      | Reached skill level 1 in Long Blades
  1238 | D:2      | Reached skill level 1 in Axes
  1238 | D:2      | Reached skill level 1 in Maces & Flails
  1238 | D:2      | Reached skill level 1 in Polearms
  1238 | D:2      | Reached skill level 1 in Staves
  1238 | D:2      | Reached skill level 1 in Ranged Weapons
  1238 | D:2      | Reached skill level 1 in Throwing
  1238 | D:2      | Reached skill level 1 in Dodging
  1238 | D:2      | Reached skill level 1 in Shields
  1238 | D:2      | Reached skill level 1 in Unarmed Combat
  1238 | D:2      | Reached skill level 1 in Spellcasting
  1238 | D:2      | Reached skill level 1 in Evocations
  1553 | D:2      | Reached XP level 4. HP: 44/48 MP: 5/5
  1584 | D:2      | Noticed Jessica
  1620 | D:2      | Killed Jessica
  1621 | D:2      | Reached skill level 1 in Conjurations
  1621 | D:2      | Reached skill level 1 in Hexes
  1621 | D:2      | Reached skill level 1 in Summonings
  1621 | D:2      | Reached skill level 1 in Necromancy
  1621 | D:2      | Reached skill level 1 in Translocations
  1621 | D:2      | Reached skill level 1 in Transmutations
  1621 | D:2      | Reached skill level 1 in Fire Magic
  1621 | D:2      | Reached skill level 1 in Ice Magic
  1621 | D:2      | Reached skill level 1 in Air Magic
  1621 | D:2      | Reached skill level 1 in Earth Magic
  1621 | D:2      | Reached skill level 1 in Poison Magic
  1621 | D:2      | Reached skill level 1 in Shapeshifting
  1951 | D:3      | Found a large runed translucent door.
  1951 | D:3      | Found a large runed translucent door.
  2384 | D:3      | Reached XP level 5. HP: 51/54 MP: 6/6
  2409 | D:3      | Noticed a kobold brigand
  2425 | D:3      | HP: 4/54 [kobold brigand/+2 dagger of speed (6)]
  2425 | D:3      | Slain by a kobold brigand

Vanquished Creatures
  Jessica (D:2)
  2 adders (D:2)
  A worm (D:2)
  A dart slug (D:1)
  6 endoplasms
  A giant cockroach (D:2)
  3 goblins
  10 hobgoblins
  6 jackals (D:1)
  2 quokkas
  6 ball pythons
  6 bats
  6 frilled lizards
  9 kobolds
  6 rats
66 creatures vanquished.

Table legend: (Time is in decaauts)
 A = Elapsed time spent in this place.
 B = Non-inter-level travel time spent in this place.
 C = Inter-level travel time spent in this place.
 D = Time resting spent in this place.
 E = Time spent auto-exploring this place.
 F = Levels seen in this place.
 G = Mean time per level.
                   A        B        C        D        E       F      G
               +--------+--------+--------+--------+--------+-----+--------+
         Total |   2426 |   2351 |     75 |      0 |   1631 |   3 |  808.7 |
       Dungeon |   2426 |   2351 |     75 |      0 |   1631 |   3 |  808.7 |
               +--------+--------+--------+--------+--------+-----+--------+

Top non-repeatable levels by time:
     D:1: 1142 daAuts
     D:2: 699 daAuts
     D:3: 584 daAuts

Table legend:
 A = Non-vault XP
 B = Vault XP
 C = Vault XP percentage of total XP
 D = Non-vault monster count
 E = Vault monster count
 F = Vault count percentage of total count
                 A         B        C        D         E       F
            +---------+---------+-------+---------+---------+-------
      Total |      94 |      75 |  44.4 |      55 |      11 |  16.7
            +---------+---------+-------+---------+---------+-------
        D:1 |      51 |       0 |   0.0 |      30 |       0 |   0.0
        D:2 |      30 |      63 |  67.7 |      18 |       3 |  14.3
        D:3 |      13 |      12 |  48.0 |       7 |       8 |  53.3
            +---------+---------+-------+---------+---------+-------
